cohdb
Replays
Latest Replays
All Replays
Popular Replays
Top Player Replays
Match Explorer
How It Works
Community
CoH3 Stats
Reddit
Sign in to upload your games and track your stats! →
Sign in with Steam
Match 42913846
Unlisted
Match 42913846
Overview
Messages
Build Orders
End
Vickers Machine Gun Team
Construct Section Command Post
Infantry Section
Infantry Section
Construct Field Infirmary
Construct Platoon Command Post
Selects Canadian Shock Battlegroup
Selects Incendiary Munitions
Humber Armored Car
6-pounder Anti-tank Gun Team
Selects Pyrotechnics
Grenade Package
Vickers Machine Gun Team
Construct Company Command Post
6-pounder Anti-tank Gun Team
Vickers Machine Gun Team
CMP 15cwt Truck
Infantry Section
Unlock Towed 17-pounder Anti-tank Guns
Selects Churchill Crocodile Heavy Tank
Selects Attacking Spirit
17-pounder Anti-tank Gun Team
Churchill Crocodile Heavy Tank
bigmac
The Unnamed One
Why So Serious !!!!!!
CptSteenkist
jodone
simranjitsingh713
Gatsby
Betterdeadthenred
0
0
Comments
sign in to comment!
No comments posted yet!